Workbook

Sheet ГП-105
O1: Приложение №
O2: к Договору подряда
B4: ПОДРЯДЧИК: | E4: ЗАКАЗЧИК: | M4: ТЕХНИЧЕСКИЙ ЗАКАЗЧИК:
E5: ООО "ЭНКО ГРУПП" | M5: ООО "ТЗ "ЭНКО"
B7: ________________/ | E7: ________________/С.И. Ярков | M7: ________________/С.И. Ярков
A9: Локальный сметный расчет №1
A10: Ведомость объемов работ и расхода материалов по работе: Монтаж, поставка и техническое обслуживание лифтового оборудования
A12: № п/п | B12: Наименование | C12: Марка/ Завод изготовитель | D12: Характеристика | E12: Ед. изм. | F12: 1.1 | G12: 1.2 | H12: 1.3 | I12: 2 | J12: 3 | K12: Кол-во | L12: Цена за ед. | M12: Сумма | N12: Примечание | O12: Форма закупа материала
A13: 10 | B13: Лифты
A14: 10.01. | B14: Монтаж и поставка ЛО (в т.ч. ПН, доставка), монтаж обрамлений, ТО
A15: 10.01.01. | B15: Монтаж лифтового оборудования
A16: 10.01.01.00 | B16: Монтаж лифтового оборудования | M16: =M17+M29 -> 0
B17: Работы: | M17: =SUM(M18:M28) -> 0
B18: Монтаж лифта тип 1 | C18: =C30 -> ЛФ1 | D18: =D30 -> Лифт г/п 1000 кг на 12 ост. (v=1,6м/с) | E18: шт. | F18: =F30 -> 1 | K18: =SUM(F18:J18) -> 1 | L18: =VLOOKUP(B18,Работы!$B$4:$F$26,5,0) -> 0 | M18: =L18*K18 -> 0
B19: Монтаж лифта тип 2 | C19: =C31 -> ЛФ2 | D19: =D31 -> Лифт г/п 1000 кг на 10 ост. (v=1,6м/с) | E19: шт. | F19: =F31 -> 1 | K19: =SUM(F19:J19) -> 1 | L19: =VLOOKUP(B19,Работы!$B$4:$F$26,5,0) -> 0 | M19: =L19*K19 -> 0
B20: Монтаж лифта тип 3 | C20: =C32 -> ЛФ3 | D20: =D32 -> Лифт г/п 1000 кг на 26 ост. (v=1,6м/с) | E20: шт. | G20: =G32 -> 1 | K20: =SUM(F20:J20) -> 1 | L20: =VLOOKUP(B20,Работы!$B$4:$F$26,5,0) -> 0 | M20: =L20*K20 -> 0
B21: Монтаж лифта тип 4 | C21: =C33 -> ЛФ4,5 | D21: =D33 -> Лифт г/п 1000 кг на 24 ост. (v=1,6м/с) | E21: шт. | G21: =G33 -> 2 | K21: =SUM(F21:J21) -> 2 | L21: =VLOOKUP(B21,Работы!$B$4:$F$26,5,0) -> 0 | M21: =L21*K21 -> 0
B22: Монтаж лифта тип 5 | C22: =C34 -> ЛФ6 | D22: =D34 -> Лифт г/п 1000 кг на 16 ост. (v=1,6м/с) | E22: шт. | H22: =H34 -> 1 | K22: =SUM(F22:J22) -> 1 | L22: =VLOOKUP(B22,Работы!$B$4:$F$26,5,0) -> 0 | M22: =L22*K22 -> 0
B23: Монтаж лифта тип 6 | C23: =C35 -> ЛФ7 | D23: =D35 -> Лифт г/п 1000 кг на 18 ост. (v=1,6м/с) | E23: шт. | H23: =H35 -> 1 | K23: =SUM(F23:J23) -> 1 | L23: =VLOOKUP(B23,Работы!$B$4:$F$26,5,0) -> 0 | M23: =L23*K23 -> 0
B24: Монтаж лифта тип 7 | C24: =C36 -> ЛФ8, ЛФ9 | D24: =D36 -> Лифт г/п 1000 кг на 31 ост. (v=1,75м/с) | E24: шт. | I24: =I36 -> 2 | K24: =SUM(F24:J24) -> 2 | L24: =VLOOKUP(B24,Работы!$B$4:$F$26,5,0) -> 0 | M24: =L24*K24 -> 0
B25: Монтаж лифта тип 8 | C25: =C37 -> ЛФ10 | D25: =D37 -> Лифт г/п 1000 кг на 31 ост. (v=1,75м/с) | E25: шт. | I25: =I37 -> 1 | K25: =SUM(F25:J25) -> 1 | L25: =VLOOKUP(B25,Работы!$B$4:$F$26,5,0) -> 0 | M25: =L25*K25 -> 0
B26: Монтаж лифта тип 9 | C26: =C38 -> ЛФ11 | D26: =D38 -> Лифт г/п 1000 кг на 30 ост. (v=1,75м/с) | E26: шт. | I26: =I38 -> 1 | K26: =SUM(F26:J26) -> 1 | L26: =VLOOKUP(B26,Работы!$B$4:$F$26,5,0) -> 0 | M26: =L26*K26 -> 0
B27: Монтаж лифта тип 10 | C27: =C39 -> ЛФ12 | D27: =D39 -> Лифт г/п 1000 кг на 25 ост. (v=1,6м/с) | E27: шт. | J27: =J39 -> 1 | K27: =SUM(F27:J27) -> 1 | L27: =VLOOKUP(B27,Работы!$B$4:$F$26,5,0) -> 0 | M27: =L27*K27 -> 0
B28: Монтаж лифта тип 11 | C28: =C40 -> ЛФ13, ЛФ14 | D28: =D40 -> Лифт г/п 1000 кг на 23 ост. (v=1,6м/с) | E28: шт. | J28: =J40 -> 2 | K28: =SUM(F28:J28) -> 2 | L28: =VLOOKUP(B28,Работы!$B$4:$F$26,5,0) -> 0 | M28: =L28*K28 -> 0
B29: Материалы: | M29: =SUM(M30:M40) -> 0
B30: Лифт пассажирский тип 1 | C30: ЛФ1 | D30: Лифт г/п 1000 кг на 12 ост. (v=1,6м/с) | E30: шт. | F30: 1 | K30: =SUM(F30:J30) -> 1 | L30: =VLOOKUP(B30,Материалы!$B$4:$F$15,5,0) -> 0 | M30: =K30*L30 -> 0 | N30: пассажирский, перевозка пожарных подразделений
B31: Лифт пассажирский тип 2 | C31: ЛФ2 | D31: Лифт г/п 1000 кг на 10 ост. (v=1,6м/с) | E31: шт. | F31: 1 | K31: =SUM(F31:J31) -> 1 | L31: =VLOOKUP(B31,Материалы!$B$4:$F$15,5,0) -> 0 | M31: =K31*L31 -> 0 | N31: пассажирский
B32: Лифт пассажирский тип 3 | C32: ЛФ3 | D32: Лифт г/п 1000 кг на 26 ост. (v=1,6м/с) | E32: шт. | G32: 1 | K32: =SUM(F32:J32) -> 1 | L32: =VLOOKUP(B32,Материалы!$B$4:$F$15,5,0) -> 0 | M32: =K32*L32 -> 0 | N32: пассажирский, перевозка пожарных подразделений
B33: Лифт пассажирский тип 4 | C33: ЛФ4,5 | D33: Лифт г/п 1000 кг на 24 ост. (v=1,6м/с) | E33: шт. | G33: 2 | K33: =SUM(F33:J33) -> 2 | L33: =VLOOKUP(B33,Материалы!$B$4:$F$15,5,0) -> 0 | M33: =K33*L33 -> 0 | N33: пассажирский
B34: Лифт пассажирский тип 5 | C34: ЛФ6 | D34: Лифт г/п 1000 кг на 16 ост. (v=1,6м/с) | E34: шт. | H34: 1 | K34: =SUM(F34:J34) -> 1 | L34: =VLOOKUP(B34,Материалы!$B$4:$F$15,5,0) -> 0 | M34: =K34*L34 -> 0 | N34: пассажирский
B35: Лифт пассажирский тип 6 | C35: ЛФ7 | D35: Лифт г/п 1000 кг на 18 ост. (v=1,6м/с) | E35: шт. | H35: 1 | K35: =SUM(F35:J35) -> 1 | L35: =VLOOKUP(B35,Материалы!$B$4:$F$15,5,0) -> 0 | M35: =K35*L35 -> 0 | N35: пассажирский, перевозка пожарных подразделений
B36: Лифт пассажирский тип 7 | C36: ЛФ8, ЛФ9 | D36: Лифт г/п 1000 кг на 31 ост. (v=1,75м/с) | E36: шт. | I36: 2 | K36: =SUM(F36:J36) -> 2 | L36: =VLOOKUP(B36,Материалы!$B$4:$F$15,5,0) -> 0 | M36: =K36*L36 -> 0 | N36: пассажирский, перевозка пожарных подразделений
B37: Лифт пассажирский тип 8 | C37: ЛФ10 | D37: Лифт г/п 1000 кг на 31 ост. (v=1,75м/с) | E37: шт. | I37: 1 | K37: =SUM(F37:J37) -> 1 | L37: =VLOOKUP(B37,Материалы!$B$4:$F$15,5,0) -> 0 | M37: =K37*L37 -> 0 | N37: пассажирский, перевозка пожарных подразделений
B38: Лифт пассажирский тип 9 | C38: ЛФ11 | D38: Лифт г/п 1000 кг на 30 ост. (v=1,75м/с) | E38: шт. | I38: 1 | K38: =SUM(F38:J38) -> 1 | L38: =VLOOKUP(B38,Материалы!$B$4:$F$15,5,0) -> 0 | M38: =K38*L38 -> 0 | N38: пассажирский, перевозка пожарных подразделений
B39: Лифт пассажирский тип 10 | C39: ЛФ12 | D39: Лифт г/п 1000 кг на 25 ост. (v=1,6м/с) | E39: шт. | J39: 1 | K39: =SUM(F39:J39) -> 1 | L39: =VLOOKUP(B39,Материалы!$B$4:$F$15,5,0) -> 0 | M39: =K39*L39 -> 0 | N39: пассажирский, перевозка пожарных подразделений
B40: Лифт пассажирский тип 11 | C40: ЛФ13, ЛФ14 | D40: Лифт г/п 1000 кг на 23 ост. (v=1,6м/с) | E40: шт. | J40: 2 | K40: =SUM(F40:J40) -> 2 | L40: =VLOOKUP(B40,Материалы!$B$4:$F$15,5,0) -> 0 | M40: =K40*L40 -> 0 | N40: пассажирский
A41: 10.01.02. | B41: ПНР
A42: 10.01.02.00 | B42: ПНР | M42: =M43+M46 -> 0
B43: Работы: | M43: =SUM(M44:M45) -> 0
B44: Полное техническое освидетельствование | D44: - | E44: шт. | F44: =SUM(F30:F40) -> 2 | G44: =SUM(G30:G40) -> 3 | H44: =SUM(H30:H40) -> 2 | I44: =SUM(I30:I40) -> 4 | J44: =SUM(J30:J40) -> 3 | K44: =SUM(F44:J44) -> 14 | L44: =VLOOKUP(B44,Работы!$B$4:$F$26,5,0) -> 0 | M44: =L44*K44 -> 0 | N44: -
B45: Пуско-наладочные работы пассажирского лифта | D45: - | E45: шт. | F45: =F44 -> 2 | G45: =G44 -> 3 | H45: =H44 -> 2 | I45: =I44 -> 4 | J45: =J44 -> 3 | K45: =SUM(F45:J45) -> 14 | L45: =VLOOKUP(B45,Работы!$B$4:$F$26,5,0) -> 0 | M45: =L45*K45 -> 0 | N45: -
B46: Материалы: | M46: =SUM(M47) -> 0
B47: - | M47: =L47*K47 -> 0
A48: 10.01.03. | B48: Изготовление и монтаж обрамлений
A49: 10.1.3.0 | B49: Изготовление и монтаж обрамлений | M49: =M50+M53 -> 0
B50: Работы: | M50: =SUM(M51:M52) -> 0
B51: Изготовление и установка обрамлений дверей шахты из нержавеющей стали | E51: шт. | F51: 2 | G51: 3 | H51: 2 | I51: 4 | J51: 3 | K51: =SUM(F51:J51) -> 14 | L51: =VLOOKUP(B51,Работы!$B$4:$F$26,5,0) -> 0 | M51: =L51*K51 -> 0 | N51: 1-ые этажи
B52: Изготовление и установка обрамлений дверей шахты с порошковым покрытием | D52: RAL7024 | E52: шт. | F52: =((12-1)*F30)+((10-1)*F31)+((26-1)*F32)+((24-1)*F33)+((16-1)*F34)+((18-1)*F35)+((31-1)*F36)+((31-1)*F37)+((30-1)*F38)+((25-1)*F39)+((23-1)*F40) -> 20 | G52: =((12-1)*G30)+((10-1)*G31)+((26-1)*G32)+((24-1)*G33)+((16-1)*G34)+((18-1)*G35)+((31-1)*G36)+((31-1)*G37)+((30-1)*G38)+((25-1)*G39)+((23-1)*G40) -> 71 | H52: =((12-1)*H30)+((10-1)*H31)+((26-1)*H32)+((24-1)*H33)+((16-1)*H34)+((18-1)*H35)+((31-1)*H36)+((31-1)*H37)+((30-1)*H38)+((25-1)*H39)+((23-1)*H40) -> 32 | I52: =((12-1)*I30)+((10-1)*I31)+((26-1)*I32)+((24-1)*I33)+((16-1)*I34)+((18-1)*I35)+((31-1)*I36)+((31-1)*I37)+((30-1)*I38)+((25-1)*I39)+((23-1)*I40) -> 119 | J52: =((12-1)*J30)+((10-1)*J31)+((26-1)*J32)+((24-1)*J33)+((16-1)*J34)+((18-1)*J35)+((31-1)*J36)+((31-1)*J37)+((30-1)*J38)+((25-1)*J39)+((23-1)*J40) -> 68 | K52: =SUM(F52:J52) -> 310 | L52: =VLOOKUP(B52,Работы!$B$4:$F$26,5,0) -> 0 | M52: =L52*K52 -> 0 | N52: остальные этажи
B53: Материалы: | M53: =SUM(M54) -> 0
B54: - | M54: =L54*K54 -> 0
A55: 10.01.04. | B55: Прочие работы
A56: 10.01.04.00 | B56: Прочие работы | M56: =M57+M65 -> 0
B57: Работы: | M57: =SUM(M58:M64) -> 0
B58: Диспетчеризация | D58: - | E58: шт. | F58: =F66 -> 2 | G58: =G66 -> 3 | H58: =H66 -> 2 | I58: =I66 -> 4 | J58: =J66 -> 3 | K58: =SUM(F58:J58) -> 14 | L58: =VLOOKUP(B58,Работы!$B$4:$F$26,5,0) -> 0 | M58: =K58*L58 -> 0 | N58: -
B59: Устройство дополнительной кабельной линии диспечерской связи | D59: - | E59: комплекс | K59: 1 | L59: =VLOOKUP(B59,Работы!$B$4:$F$26,5,0) -> 0 | M59: =L59*K59 -> 0 | N59: в тч материалы
B60: Монтаж-демонтаж лесов в лифтовой шахте | D60: - | E60: шт. | F60: =F51+F52 -> 22 | G60: =G51+G52 -> 74 | H60: =H51+H52 -> 34 | I60: =I51+I52 -> 123 | J60: =J51+J52 -> 71 | K60: =SUM(F60:J60) -> 324 | L60: =VLOOKUP(B60,Работы!$B$4:$F$26,5,0) -> 0 | M60: =L60*K60 -> 0 | N60: в тч материалы
B61: Бурение отверстий под канаты | D61: - | E61: шт. | F61: =SUM(F30:F40) -> 2 | G61: =SUM(G30:G40) -> 3 | H61: =SUM(H30:H40) -> 2 | I61: =SUM(I30:I40) -> 4 | J61: =SUM(J30:J40) -> 3 | K61: =SUM(F61:J61) -> 14 | L61: =VLOOKUP(B61,Работы!$B$4:$F$26,5,0) -> 0 | M61: =K61*L61 -> 0 | N61: в тч материалы
B62: Изготовление и установка защитных откосов и порогов дверей шахты лифта | D62: - | E62: шт. | F62: =F60 -> 22 | G62: =G60 -> 74 | H62: =H60 -> 34 | I62: =I60 -> 123 | J62: =J60 -> 71 | K62: =SUM(F62:J62) -> 324 | L62: =VLOOKUP(B62,Работы!$B$4:$F$26,5,0) -> 0 | M62: =K62*L62 -> 0 | N62: в тч материалы
B63: Монтаж-демонтаж ограждений дверных проемов лифтовой шахты | D63: - | E63: шт. | F63: =F60 -> 22 | G63: =G60 -> 74 | H63: =H60 -> 34 | I63: =I60 -> 123 | J63: =J60 -> 71 | K63: =SUM(F63:J63) -> 324 | L63: =VLOOKUP(B63,Работы!$B$4:$F$26,5,0) -> 0 | M63: =L63*K63 -> 0 | N63: в тч материалы
B64: Погрузочно-разгрузочные работы, хранение лифтового оборудования на складе Исполнителя и транспортировка до объекта монтажа | D64: - | E64: шт. | F64: =SUM(F30:F40) -> 2 | G64: =SUM(G30:G40) -> 3 | H64: =SUM(H30:H40) -> 2 | I64: =SUM(I30:I40) -> 4 | J64: =SUM(J30:J40) -> 3 | K64: =SUM(F64:J64) -> 14 | L64: =VLOOKUP(B64,Работы!$B$4:$F$26,5,0) -> 0 | M64: =L64*K64 -> 0
B65: Материалы: | M65: =SUM(M66) -> 0
B66: Комплект лифтовой диспетчерской связи | D66: - | E66: шт. | F66: =SUM(F30:F40) -> 2 | G66: =SUM(G30:G40) -> 3 | H66: =SUM(H30:H40) -> 2 | I66: =SUM(I30:I40) -> 4 | J66: =SUM(J30:J40) -> 3 | K66: =SUM(F66:J66) -> 14 | L66: =VLOOKUP(B66,Материалы!$B$4:$F$15,5,0) -> 0 | M66: =L66*K66 -> 0
A67: 10.03. | B67: Техническое обслуживание
A68: 10.03.01 | B68: Техническое обслуживание
A69: 10.03.01.00 | B69: Техническое обслуживание | M69: =M70+M72 -> 0
B70: Работы: | M70: =SUM(M71) -> 0
B71: Техническое обслуживание (Лифт г/п 1000 кг на 12 ост. - 1 шт; Лифт г/п 1000 кг на 10 ост. - 1 шт; Лифт г/п 1000 кг на 26 ост. - 1 шт; Лифт г/п 1000 кг на 24 ост. - 2 шт; Лифт г/п 1000 кг на 16 ост. - 1 шт; Лифт г/п 1000 кг на 18 ост. - 1 шт; Лифт г/п 1000 кг на 31 ост. - 3 шт; Лифт г/п 1000 кг на 30 ост. - 1 шт; Лифт г/п 1000 кг на 25 ост. - 1 шт; Лифт г/п 1000 кг на 23 ост. - 2 шт) | D71: - | E71: мес | K71: 3 | L71: =Работы!F26 -> 0 | M71: =L71*K71 -> 0
B72: Материалы: | M72: =SUM(M73) -> 0
B73: -
B74: Итого по ЛСР, в т.ч. НДС: | M74: =M16+M42+M49+M56+M69 -> 0
B75: в тч стоимость работ: | M75: =M17+M43+M50+M57+M70 -> 0
B76: в тч стоимость материалов: | M76: =M29+M46+M53+M65+M72 -> 0
B77: в т.ч. НДС:
A79: Примечание:
A80: Стоимость СМР учитывает - затраты на все второстепенные материалы и работы необходимые для осуществления полного комплекса работ, включая затраты: обеспечение технической водой для производства работ и бытовых целей; на мобилизацию, аренду и эксплуатацию всех необходимых механизмов, оборудования и инструментов, бытовых помещений и биотуалетов; на подъем материалов и разноску по этажам к местам производства работ; выполнение сопутствующих работ; вывоз мусора; накладные расходы, прибыль организации, налоги и иные издержки Подрядчика.
A81: В стоимость монтажа лифтового оборудования учитывать монтаж анкерных болтов (в т.ч анкерные болты)
A82: Стоимость материалов учитывает стоимость доставки
A83: В случае изменения системы налогообложения, риски увеличения стоимости договора относятся на сторону, чья система налогообложения изменяется.
A84: Техническое обслуживание лифтов включает в себя следующие виды работ: - техническое обслуживание лифтов (смазка, чистка, наладка, регулировка); - текущий ремонт лифтов (восстановление работоспособности оборудования, поддержание его эксплуатационных показателей); - аварийно-техническое обслуживания лифтов (круглосуточная эвакуация пассажиров из кабин лифтов, оперативное принятие мер по пуску остановившихся лифтов); - круглосуточный диспетчерский контроль; - техническое обслуживание и ремонт АСДК.

Sheet Материалы
A1: Сводная ведомость объемов материала
A3: № п/п | B3: Наименование | C3: Характеристика | D3: Ед.изм. | E3: Итого | F3: Цена, руб | G3: Сумма, руб
A4: 1 | B4: Лифт пассажирский тип 1 | C4: ='ГП-105'!D30 -> Лифт г/п 1000 кг на 12 ост. (v=1,6м/с) | D4: =VLOOKUP(B4,'ГП-105'!$B$13:$E$73,4,0) -> шт. | E4: 1 | G4: =F4*E4 -> 0 | H4: ЛФ1 | I4: пассажирский, перевозка пожарных подразделений
A5: 2 | B5: Лифт пассажирский тип 2 | C5: ='ГП-105'!D31 -> Лифт г/п 1000 кг на 10 ост. (v=1,6м/с) | D5: =VLOOKUP(B5,'ГП-105'!$B$13:$E$73,4,0) -> шт. | E5: 1 | G5: =F5*E5 -> 0 | H5: ЛФ2 | I5: пассажирский
A6: 3 | B6: Лифт пассажирский тип 3 | C6: ='ГП-105'!D32 -> Лифт г/п 1000 кг на 26 ост. (v=1,6м/с) | D6: =VLOOKUP(B6,'ГП-105'!$B$13:$E$73,4,0) -> шт. | E6: 1 | G6: =F6*E6 -> 0 | H6: ЛФ3 | I6: пассажирский, перевозка пожарных подразделений
A7: 4 | B7: Лифт пассажирский тип 4 | C7: ='ГП-105'!D33 -> Лифт г/п 1000 кг на 24 ост. (v=1,6м/с) | D7: =VLOOKUP(B7,'ГП-105'!$B$13:$E$73,4,0) -> шт. | E7: 2 | G7: =F7*E7 -> 0 | H7: ЛФ4,5 | I7: пассажирский
A8: 5 | B8: Лифт пассажирский тип 5 | C8: ='ГП-105'!D34 -> Лифт г/п 1000 кг на 16 ост. (v=1,6м/с) | D8: =VLOOKUP(B8,'ГП-105'!$B$13:$E$73,4,0) -> шт. | E8: 1 | G8: =F8*E8 -> 0 | H8: ЛФ6 | I8: пассажирский
A9: 6 | B9: Лифт пассажирский тип 6 | C9: ='ГП-105'!D35 -> Лифт г/п 1000 кг на 18 ост. (v=1,6м/с) | D9: =VLOOKUP(B9,'ГП-105'!$B$13:$E$73,4,0) -> шт. | E9: 1 | G9: =F9*E9 -> 0 | H9: ЛФ7 | I9: пассажирский, перевозка пожарных подразделений
A10: 7 | B10: Лифт пассажирский тип 7 | C10: ='ГП-105'!D36 -> Лифт г/п 1000 кг на 31 ост. (v=1,75м/с) | D10: =VLOOKUP(B10,'ГП-105'!$B$13:$E$73,4,0) -> шт. | E10: 2 | G10: =F10*E10 -> 0 | H10: ЛФ8, ЛФ9 | I10: пассажирский, перевозка пожарных подразделений
A11: 8 | B11: Лифт пассажирский тип 8 | C11: ='ГП-105'!D37 -> Лифт г/п 1000 кг на 31 ост. (v=1,75м/с) | D11: =VLOOKUP(B11,'ГП-105'!$B$13:$E$73,4,0) -> шт. | E11: 1 | G11: =F11*E11 -> 0 | H11: ЛФ10 | I11: пассажирский, перевозка пожарных подразделений
A12: 9 | B12: Лифт пассажирский тип 9 | C12: ='ГП-105'!D38 -> Лифт г/п 1000 кг на 30 ост. (v=1,75м/с) | D12: =VLOOKUP(B12,'ГП-105'!$B$13:$E$73,4,0) -> шт. | E12: 1 | G12: =F12*E12 -> 0 | H12: ЛФ11 | I12: пассажирский, перевозка пожарных подразделений
A13: 10 | B13: Лифт пассажирский тип 10 | C13: ='ГП-105'!D39 -> Лифт г/п 1000 кг на 25 ост. (v=1,6м/с) | D13: =VLOOKUP(B13,'ГП-105'!$B$13:$E$73,4,0) -> шт. | E13: 1 | G13: =F13*E13 -> 0 | H13: ЛФ12 | I13: пассажирский, перевозка пожарных подразделений
A14: 11 | B14: Лифт пассажирский тип 11 | C14: ='ГП-105'!D40 -> Лифт г/п 1000 кг на 23 ост. (v=1,6м/с) | D14: =VLOOKUP(B14,'ГП-105'!$B$13:$E$73,4,0) -> шт. | E14: 2 | G14: =F14*E14 -> 0 | H14: ЛФ13, ЛФ14 | I14: пассажирский
A15: 20 | B15: Комплект лифтовой диспетчерской связи | C15: ='ГП-105'!D41 -> 0 | D15: =VLOOKUP(B15,'ГП-105'!$B$13:$E$73,4,0) -> шт. | E15: ='ГП-105'!K66 -> 14 | G15: =F15*E15 -> 0
B16: в тч стоимость материалов: | G16: =SUM(G4:G15) -> 0
F18: проверка | G18: =G16-'ГП-105'!M76 -> 0

Sheet Работы
A1: Сводная ведомость объемов работ
A3: № | B3: Наименование | C3: Характеристика | D3: Ед.изм. | E3: Итого | F3: Цена, руб | G3: Сумма, руб | H3: Примечание
A4: 1 | B4: Монтаж лифта тип 1 | C4: ='ГП-105'!D18 -> Лифт г/п 1000 кг на 12 ост. (v=1,6м/с) | D4: =VLOOKUP(B4,'ГП-105'!$B$13:$E$73,4,0) -> шт. | E4: 1 | G4: =F4*E4 -> 0 | H4: ЛФ1
A5: 2 | B5: Монтаж лифта тип 2 | C5: ='ГП-105'!D19 -> Лифт г/п 1000 кг на 10 ост. (v=1,6м/с) | D5: =VLOOKUP(B5,'ГП-105'!$B$13:$E$73,4,0) -> шт. | E5: 1 | G5: =F5*E5 -> 0 | H5: ЛФ2
A6: 3 | B6: Монтаж лифта тип 3 | C6: ='ГП-105'!D20 -> Лифт г/п 1000 кг на 26 ост. (v=1,6м/с) | D6: =VLOOKUP(B6,'ГП-105'!$B$13:$E$73,4,0) -> шт. | E6: 1 | G6: =F6*E6 -> 0 | H6: ЛФ3
A7: 4 | B7: Монтаж лифта тип 4 | C7: ='ГП-105'!D21 -> Лифт г/п 1000 кг на 24 ост. (v=1,6м/с) | D7: =VLOOKUP(B7,'ГП-105'!$B$13:$E$73,4,0) -> шт. | E7: 2 | G7: =F7*E7 -> 0 | H7: ЛФ4,5
A8: 5 | B8: Монтаж лифта тип 5 | C8: ='ГП-105'!D22 -> Лифт г/п 1000 кг на 16 ост. (v=1,6м/с) | D8: =VLOOKUP(B8,'ГП-105'!$B$13:$E$73,4,0) -> шт. | E8: 1 | G8: =F8*E8 -> 0 | H8: ЛФ6
A9: 6 | B9: Монтаж лифта тип 6 | C9: ='ГП-105'!D23 -> Лифт г/п 1000 кг на 18 ост. (v=1,6м/с) | D9: =VLOOKUP(B9,'ГП-105'!$B$13:$E$73,4,0) -> шт. | E9: 1 | G9: =F9*E9 -> 0 | H9: ЛФ7
A10: 7 | B10: Монтаж лифта тип 7 | C10: ='ГП-105'!D24 -> Лифт г/п 1000 кг на 31 ост. (v=1,75м/с) | D10: =VLOOKUP(B10,'ГП-105'!$B$13:$E$73,4,0) -> шт. | E10: 2 | G10: =F10*E10 -> 0 | H10: ЛФ8, ЛФ9
A11: 8 | B11: Монтаж лифта тип 8 | C11: ='ГП-105'!D25 -> Лифт г/п 1000 кг на 31 ост. (v=1,75м/с) | D11: =VLOOKUP(B11,'ГП-105'!$B$13:$E$73,4,0) -> шт. | E11: 1 | G11: =F11*E11 -> 0 | H11: ЛФ10
A12: 9 | B12: Монтаж лифта тип 9 | C12: ='ГП-105'!D26 -> Лифт г/п 1000 кг на 30 ост. (v=1,75м/с) | D12: =VLOOKUP(B12,'ГП-105'!$B$13:$E$73,4,0) -> шт. | E12: 1 | G12: =F12*E12 -> 0 | H12: ЛФ11
A13: 10 | B13: Монтаж лифта тип 10 | C13: ='ГП-105'!D27 -> Лифт г/п 1000 кг на 25 ост. (v=1,6м/с) | D13: =VLOOKUP(B13,'ГП-105'!$B$13:$E$73,4,0) -> шт. | E13: 1 | G13: =F13*E13 -> 0 | H13: ЛФ12
A14: 11 | B14: Монтаж лифта тип 11 | C14: ='ГП-105'!D28 -> Лифт г/п 1000 кг на 23 ост. (v=1,6м/с) | D14: =VLOOKUP(B14,'ГП-105'!$B$13:$E$73,4,0) -> шт. | E14: 2 | G14: =F14*E14 -> 0 | H14: ЛФ13, ЛФ14
A15: 20 | B15: Полное техническое освидетельствование | D15: =VLOOKUP(B15,'ГП-105'!$B$13:$E$73,4,0) -> шт. | E15: 14 | G15: =F15*E15 -> 0
A16: 21 | B16: Пуско-наладочные работы пассажирского лифта | D16: =VLOOKUP(B16,'ГП-105'!$B$13:$E$73,4,0) -> шт. | E16: 14 | G16: =F16*E16 -> 0
A17: 22 | B17: Изготовление и установка обрамлений дверей шахты из нержавеющей стали | D17: =VLOOKUP(B17,'ГП-105'!$B$13:$E$73,4,0) -> шт. | E17: 14 | G17: =F17*E17 -> 0 | H17: 1-ые этажи
B18: Изготовление и установка обрамлений дверей шахты с порошковым покрытием | C18: =VLOOKUP(B18,'ГП-105'!$B$13:$E$73,3,0) -> RAL7024 | D18: =VLOOKUP(B18,'ГП-105'!$B$13:$E$73,4,0) -> шт. | E18: 310 | G18: =F18*E18 -> 0 | H18: остальные этажи
A19: 23 | B19: Диспетчеризация | D19: шт. | E19: 14 | G19: =F19*E19 -> 0
A20: 24 | B20: Устройство дополнительной кабельной линии диспечерской связи | D20: комплекс | E20: 1 | G20: =F20*E20 -> 0 | H20: в тч материалы
A21: 25 | B21: Монтаж-демонтаж лесов в лифтовой шахте | D21: шт. | E21: 324 | G21: =F21*E21 -> 0 | H21: в тч материалы
A22: 26 | B22: Бурение отверстий под канаты | D22: шт. | E22: 14 | G22: =F22*E22 -> 0 | H22: в тч материалы
A23: 27 | B23: Изготовление и установка защитных откосов и порогов дверей шахты лифта | D23: шт. | E23: 324 | G23: =F23*E23 -> 0 | H23: в тч материалы
A24: 28 | B24: Монтаж-демонтаж ограждений дверных проемов лифтовой шахты | D24: шт. | E24: 324 | G24: =F24*E24 -> 0 | H24: в тч материалы
A25: 29 | B25: Погрузочно-разгрузочные работы, хранение лифтового оборудования на складе Исполнителя и транспортировка до объекта монтажа | D25: шт. | E25: 14 | G25: =F25*E25 -> 0
A26: 31 | B26: Техническое обслуживание (Лифт г/п 1000 кг на 12 ост. - 1 шт; Лифт г/п 1000 кг на 10 ост. - 1 шт; Лифт г/п 1000 кг на 26 ост. - 1 шт; Лифт г/п 1000 кг на 24 ост. - 2 шт; Лифт г/п 1000 кг на 16 ост. - 1 шт; Лифт г/п 1000 кг на 18 ост. - 1 шт; Лифт г/п 1000 кг на 31 ост. - 3 шт; Лифт г/п 1000 кг на 30 ост. - 1 шт; Лифт г/п 1000 кг на 25 ост. - 1 шт; Лифт г/п 1000 кг на 23 ост. - 2 шт) | D26: мес | E26: 3 | G26: =F26*E26 -> 0
B27: в тч стоимость работ: | G27: =SUM(G4:G26) -> 0
F29: проверка | G29: =G27-'ГП-105'!M75 -> 0
